Unix NetHack Version 5.0.0-0 post-release - last build Jun 10 2026 00:39:30 (3ee93aec679c4c4259841fe613dc97188e26a321,branch:main).

Game began 2026-06-14 07:44:59, ended 2026-06-14 08:32:31.

DiePARTEI, neutral female human Tourist

                                        --------
                                        |....|.---
                              ----------|..0.....|
                              |.......|.|..-.0.-.|
                              |.......|..0...-.0.|
                              |.......|..0|....-.|
                              |...<...|-.--.-....|
                              |.......|..........|
                            --|.......|...|.%.--.|
                            |.[.......|---|.-....|
                            |)|------------....---
                            |.-.@.........^>...|
                            --------------------

DiePARTEI the Excursionist  St:14 Dx:11 Co:25 In:12 Wi:10 Ch:18  Neutral
Dlvl:6  $:711 HP:0(61) Pw:38(38) AC:-6 Xp:7 T:5813  Burdened

Latest messages:
 You hit the Woodland-elf!
 The Woodland-elf shoots 3 runed arrows!
 The 1st runed arrow hits the Woodland-elf!
 The 2nd runed arrow misses the Woodland-elf.
 You are almost hit by the 2nd runed arrow.
 The 3rd runed arrow misses the Woodland-elf.
 You are hit by the 3rd runed arrow!
 The Woodland-elf swings his runed broadsword.
 The Woodland-elf misses!
 You kill the Woodland-elf!
 The Woodland-elf shoots 2 runed arrows!
 The 1st runed arrow misses you.
 The 2nd runed arrow misses you.
 The dwarf lady picks up an elven mithril-coat.
 You hit the dwarf lady!
 You hit the dwarf lady!
 The dwarf lady swings her pick-axe.
 The dwarf lady misses!
 The dwarf lady swings her pick-axe.
 The dwarf lady hits!
 You miss the dwarf lady.
 The dwarf lady swings her pick-axe.
 The dwarf lady hits!
 The dwarf lady swings her pick-axe.
 The dwarf lady misses!
 You hit the dwarf lady!
 You hit the dwarf lady.
 The Woodland-elf wields a runed short sword!
 The dwarf lady swings her pick-axe.
 The dwarf lady hits!
 The dwarf lady swings her pick-axe.
 The dwarf lady hits again!
 You hit the dwarf lady!
 The dwarf lady swings her pick-axe.
 The dwarf lady misses!
 The dwarf lady swings her pick-axe.
 The dwarf lady hits!
 You kill the dwarf lady!
 It hits!
 You hit it.
 It just misses!
 You miss it.
 It hits!
 It hits!
 You die...
 Do you want your possessions identified? [ynq] (y) y
 Do you want to see your attributes? [ynq] (y) y
 Do you want an account of creatures vanquished? [ynaq] (y) y
 Do you want to see your conduct and achievements? [ynq] (y) y
 Do you want to see the dungeon overview? [ynq] (y) y

Inventory:
 Coins    ('$')
  $ - 711 gold pieces
 Weapons  (')')
  a - 9 +2 darts (at the ready)
  I - 2 +0 elven daggers
  x - a blessed +0 orcish dagger (alternate weapon; not wielded)
  K - the blessed rustproof +4 Ogresmasher (weapon in right hand)
 Armor    ('[')
  S - an uncursed +0 helmet (being worn)
  s - an uncursed +0 pair of iron shoes (being worn)
  z - an uncursed +0 cloak of magic resistance
  P - a blessed +1 cloak of protection (being worn)
  G - an uncursed +0 robe
  k - an uncursed +0 Hawaiian shirt with a water nymph motif (being worn)
  q - an uncursed +0 plate mail (being worn)
 Comestibles  ('%')
  b - 2 uncursed slime molds
  J - 2 uncursed apples
  V - an uncursed cram ration
  c - 6 uncursed food rations
  g - an uncursed fortune cookie
  X - an uncursed pancake
  v - 2 uncursed tripe rations
 Scrolls  ('?')
  y - an uncursed scroll of charging
  L - a blessed scroll of create monster
  h - an uncursed scroll of earth
  Q - a cursed scroll of enchant armor
  U - an uncursed scroll of gold detection
  d - a cursed scroll of light
  j - 3 uncursed scrolls of magic mapping
  w - an uncursed scroll of remove curse
  O - a blessed scroll of teleportation
 Potions  ('!')
  A - an uncursed potion of acid
  f - an uncursed potion of confusion
  R - 2 uncursed potions of gain energy
  H - an uncursed potion of levitation
  Y - an uncursed potion of oil
  p - a cursed potion of see invisible
  W - an uncursed potion of speed
 Rings    ('=')
  D - an uncursed ring of cold resistance
  B - an uncursed ring of fire resistance
  o - an uncursed ring of levitation
  E - an uncursed ring of poison resistance
  C - a blessed +2 ring of protection (on left hand)
  F - an uncursed ring of slow digestion
 Wands    ('/')
  n - a wand of cold (0:6)
  M - a wand of magic missile (0:3)
 Tools    ('(')
  m - an uncursed credit card
  l - an expensive camera (0:54)
  Z - an uncursed lock pick
  i - an uncursed mirror
  u - an uncursed tin opener
 Gems/Stones  ('*')
  r - an uncursed fluorite stone

DiePARTEI the Tourist's attributes:

Background:
 You were an Excursionist, a level 7 female human Tourist.
 You were neutral, on a mission for The Lady
 who was opposed by Blind Io (lawful) and Offler (chaotic).
 You were right-handed.
 You were in Sokoban, on level 6.
 You entered the dungeon 5813 turns ago.
 There was a new moon in effect when your adventure ended.
 You had 1041 experience points, 239 more were needed to attain level 8.

Basics:
 You had 0 out of 61 hit points.
 You had all 38 energy points (spell power).
 Your armor class was -6.
 Your wallet contained 711 zorkmids.
 Autopickup was off.

Final Characteristics:
 Your strength was 14 (limit:18/100).
 Your dexterity was 11 (limit:18).
 Your constitution was 25 (base:15, innate limit:18).
 Your intelligence was 12 (limit:18).
 Your wisdom was 10 (limit:18).
 Your charisma was 18 (limit:18).

Final Status:
 You weren't hungry.
 You were burdened; movement was slightly slowed.
 You were wielding a hammer.
 You were unskilled in hammer.

Final Attributes:
 You were piously aligned.
 You had a small defense bonus (+2).
 You were protected.
 Your spell casting was impaired by metallic armor.
 You were fast.
 You are dead.

Miscellaneous:
 You didn't encounter any bones levels.
 Total elapsed playing time was 47 minutes and 32 seconds.

Major events:
 Turn
    1: DiePARTEI the neutral female human Tourist entered the dungeon
 1527: attained the rank of Sightseer (level 3)
 1544: was bestowed with Ogresmasher by The Lady
 3669: attained the rank of Excursionist (level 6)
 4561: entered Sokoban
 4847: completed 1st Sokoban level
 5355: completed 2nd Sokoban level
 5769: completed 3rd Sokoban level
 5813: killed by an invisible stalker

Spells:
 Name                 Level Category     Fail Retention
 jumping                1   escape       100%   51%-75%
 detect food            2   divination   100%  76%-100%

Skills:
 Fighting Skills
   bare handed combat [Basic]
   two weapon combat  [Unskilled]
   riding             [Unskilled]
 Weapon Skills
   dagger             [Unskilled]
   knife              [Unskilled]
   axe                [Unskilled]
   pick-axe           [Unskilled]
   short sword        [Unskilled]
   broadsword         [Unskilled]
   long sword         [Unskilled]
   two-handed sword   [Unskilled]
   saber              [Unskilled]
   mace               [Unskilled]
   morning star       [Unskilled]
   flail              [Unskilled]
   hammer             [Unskilled]
   quarterstaff       [Unskilled]
   polearms           [Unskilled]
   spear              [Unskilled]
   trident            [Unskilled]
   lance              [Unskilled]
   bow                [Unskilled]
   sling              [Unskilled]
   crossbow           [Unskilled]
   dart               [Skilled]
   shuriken           [Unskilled]
   boomerang          [Unskilled]
   whip               [Unskilled]
   unicorn horn       [Unskilled]
 Spellcasting Skills
   divination spells  [Unskilled]
   enchantment spells [Unskilled]
   escape spells      [Unskilled]

Voluntary challenges:
 Character rerolling was not enabled.
 You never genocided any monsters.
 You never polymorphed an object.
 You never changed form.
 You used no wishes.
 You violated the special Sokoban rules once.
Achievements:
 You entered a shop.
 You attained the rank of Sightseer.
 You attained the rank of Excursionist.
 You entered a temple.
 You entered Sokoban.

 The Dungeons of Doom: levels 1 to 9
    Level 1:
       A fountain.
    Level 2:
       An altar to The Lady, some fountains.
    Level 3:
       A ring shop, a fountain.
    Level 4:
       A grave.
    Level 5:
       An altar.
    Level 6:
       Some fountains.
    Level 7:
    Level 8:
       Many fountains.
    Level 9:
       A temple and an altar, some fountains, a sink.
       Stairs up to Sokoban, level 8.
 Sokoban: levels 8 up to 6
    Level 6: <- You were here.
       Solved.
       Final resting place for
          you, killed by an invisible stalker.
    Level 7:
       Solved.
    Level 8:
       Solved.


Vanquished creatures:
  a pit viper
  a giant spider
  a Green-elf
  a jaguar
  a dwarf leader
  a raven
  4 apes
  a Woodland-elf
  2 wood nymphs
  a Mordor orc
  a fog cloud
  2 yellow lights
  a shrieker
  a gray ooze
  a straw golem
  a dwarf
  3 homunculi
  5 hill orcs
  8 rothes
  2 orc zombies
  a dwarf zombie
 an iguana
  3 killer bees
 an acid blob
  2 hobbits
  3 hobgoblins
  2 giant rats
  5 cave spiders
  a brown mold
  a yellow mold
  a gnome zombie
  2 geckos
  4 jackals
  a fox
  a kobold
  3 goblins
  4 grid bugs
  a bat
  6 lichens
  a kobold zombie
  6 newts
89 creatures vanquished.

No species were genocided or became extinct.

Game over:
                       ----------
                      /          \
                     /    REST    \
                    /      IN      \
                   /     PEACE      \
                  /                  \
                  |    DiePARTEI     |
                  |      711 Au      |
                  |   killed by an   |
                  |    invisible     |
                  |     stalker      |
                  |                  |
                  |       2026       |
                 *|     *  *  *      | *
        _________)/\\_//(\/(/\)/\//\/|_)_______

Aloha DiePARTEI the Tourist...

You died in Sokoban on dungeon level 6 with 4859 points,
and 711 pieces of gold, after 5813 moves.
You were level 7 with a maximum of 61 hit points when you died.

